 Dungeon Crawl Stone Soup version 0.19-a0-994-g3c636f0 (webtiles) character file.

37 Rainbowgamer28 the Magician (level 3, -1/21 HPs)
             Began as a Deep Elf Wanderer on July 16, 2016.
             Was a Follower of Uskayaw.
             Slain by an adder (2 damage)
             ... on level 2 of the Dungeon.
             The game lasted 00:06:51 (1678 turns).

Rainbowgamer28 the Magician (Deep Elf Wanderer)     Turns: 1678, Time: 00:06:52

Health: -1/21      AC:  3    Str: 11    XL:     3   Next: 23%
Magic:  0/10       EV: 12    Int: 16    God:    Uskayaw [*.....]
Gold:   57         SH:  0    Dex: 13    Spells: 1 memorised, 8 levels left

rFire  + . .     SeeInvis .     k - -3 dagger (curse)
rCold  . . .     Gourm    .     e - +0 robe
rNeg   . . .     Faith    .     (no shield)
rPois  .         Spirit   .     (no helmet)
rElec  .         Dismiss  .     i - +0 cloak
rCorr  .         Reflect  .     (no gloves)
SustAt .         Harm     .     (no boots)
MR     .....                    (no amulet)
Stlth  ++........               (no ring)
                                j - ring of protection from fire

@: lethally poisoned (-1 -> -4), very slightly contaminated, not resistant to
hostile enchantments, unstealthy
A: no striking features
a: Stomp, Renounce Religion


You were on level 2 of the Dungeon.
You worshipped Uskayaw.
Uskayaw was noncommittal.
You were not hungry.

You visited 1 branch of the dungeon, and saw 2 of its levels.

You collected 57 gold pieces.

Inventory:

Hand Weapons
 f - a +0 dagger
 k - a cursed -3 dagger (weapon)
Armour
 e - a +0 robe (worn)
 i - a +0 cloak (worn)
Jewellery
 j - a ring of protection from fire (left hand)
Scrolls
 l - a scroll of fog {unknown}
 m - a scroll of enchant armour {unknown}
 r - a scroll of identify {unknown}
 s - a scroll of teleportation {unknown}
Potions
 a - a potion of heal wounds
 b - a potion of haste
 d - 3 potions of curing
 h - 2 potions of degeneration {unknown}
 n - a potion of invisibility {unknown}
 o - a potion of cancellation {unknown}
 t - a potion of brilliance {unknown}
Books
 c - the Guide on Weightlessness

   Spells                             Type                      Level
   a - Shock                          Conjuration/Air              1
   b - Static Discharge               Conjuration/Air              3
Comestibles
 g - a bread ration
 p - 3 fruits


   Skills:
 - Level 1.8 Fighting
 - Level 1.6 Dodging
 - Level 2.9 Stealth
 - Level 1.0 Unarmed Combat
 - Level 3.6 Spellcasting
 - Level 1.3 Conjurations
 + Level 1.2 Air Magic
   Level 1.1 Evocations


You had 8 spell levels left.
You knew the following spells:

 Your Spells              Type           Power        Failure   Level  Hunger
a - Shock                 Conj/Air       #...         12%         1    None


Dungeon Overview and Level Annotations

Branches:
Dungeon (2/15)

Altars:
Dithmenos
Uskayaw
Xom


Message History

The adder misses you.
Casting: Shock
Confirm with . or Enter, or press ? or * to list all spells.
You don't have enough magic to cast that spell.
Unknown command.
You hit the adder but do no damage.
The adder is almost dead.
The adder completely misses you.
You hit the adder but do no damage.
The adder is almost dead.
The adder misses you.
You hit the adder.
The adder is almost dead.
* * * LOW HITPOINT WARNING * * *
You feel sick. The adder closely misses you.
The adder bites you but does no damage.
You miss the adder.
The adder is almost dead.
The adder bites you.
You die...

#.##.##..§§§_§§§...
#.##..#.##§#.#§#§##
#.###.#.###.§.#§#..
#.###.#.# ##.##§###
#.......# #.#...##
#####.### #......#
####.######.......
#.#####.......[#........
......S@.......+........
#.#####.#...##.#........
#....###.##.......
#..#####.###....÷#
#........####...##
##.####........÷# ###.##
#.######÷.# #....# #.#
#..# #.#..###.######..#


You could see an adder.

Vanquished Creatures
  2 oozes (D:1)
  2 giant geckos (D:1)
  5 bats (D:1)
  A giant cockroach (D:2)
  A goblin (D:1)
  A hobgoblin (D:1)
  4 jackals (D:2)
  3 kobolds (D:1)
  6 rats
25 creatures vanquished.

Notes
Turn   | Place    | Note
-------+----------+-------------------------------------------
     0 | D:1      | Rainbowgamer28 the Deep Elf Wanderer began the quest for the Orb.
     0 | D:1      | Rainbowgamer28 set off with: a potion of heal wounds, a potion of haste, the Guide on Weightlessness, a potion of curing, a +0 robe, a +0 dagger, a bread ration
     0 | D:1      | Reached XP level 1. HP: 12/12 MP: 6/6
     0 | D:1      | Identified the Guide on Weightlessness
     2 | D:1      | Learned a level 1 spell: Shock
   242 | D:1      | Reached XP level 2. HP: 8/17 MP: 0/8
  1092 | D:1      | Reached XP level 3. HP: 21/21 MP: 8/10
  1305 | D:2      | Found a hide-covered altar of Uskayaw.
  1315 | D:2      | Became a worshipper of Uskayaw the Reveler
  1321 | D:2      | Found a shimmering altar of Xom.
  1321 | D:2      | Found a shimmering altar of Xom.
  1322 | D:2      | Found a shimmering altar of Xom.
  1335 | D:2      | Reached skill level 1 in Air Magic
  1338 | D:2      | Reached * piety under Uskayaw
  1435 | D:2      | Found a shadowy altar of Dithmenos.
  1579 | D:2      | Found a shimmering altar of Xom.
  1579 | D:2      | Found a shimmering altar of Xom.
  1579 | D:2      | Found a shimmering altar of Xom.
  1581 | D:2      | Found a shimmering altar of Xom.
  1658 | D:2      | Reached ** piety under Uskayaw
  1677 | D:2      | HP: 1/21 [poisoned by an adder]
  1678 | D:2      | Slain by an adder

Vault maps used:
D:1:      grunt_arrival_crossed_arrows, st_stairs_6, minmay_tromino_mix6
D:2:      grunt_dithmenos_smoke_and_mirrors, eat_drink_and_be_merry_uskayaw,
          lemuel_doored_altar, xom_redecorated

Skill      XL: |  1  2  3 |
---------------+----------+-----
Air Magic      | 1 |  1.2
Fighting       | |  1.8
Dodging        | |  1.6
Stealth        | |  2.9
Unarmed Combat | |  1.0
Spellcasting   | |  3.6
Conjurations   | |  1.3
Evocations     | |  1.1

Action                   || total
-------------------------++-------
Melee: Dagger            ||    36
 Cast: Shock             ||    82
  Eat: Chunk             ||     2
Armor: Robe              ||    12
Dodge: Dodged            ||    58
